 Dungeon Sprint DCSS version 0.28-a0-909-g796cbd3a86 (webtiles) character file.

Game seed: 13536873383227459713

175 kae the Ruffian (level 5, -2/48 HPs)
             Began as a Draconian Transmuter on Nov 24, 2021.
             Succumbed to a scorpion's poison
             ... in the Dungeon (Sprint II: "The Violet Keep of Menkaure").
             The game lasted 00:00:07 (19 turns).

kae the Ruffian (Draconian Transmuter)                Turns: 19, Time: 00:00:08

Health: -2/48      AC:  5    Str: 13    XL:     5   Next: 29%
Magic:  3/12       EV: 13    Int: 14    God:
Gold:   0          SH:  0    Dex: 11    Spells: 12/13 levels left

rFire   . . .      SeeInvis .     - Unarmed
rCold   . . .      Faith    .   (no shield)
rNeg    . . .      Spirit   .   (armour unavailable)
rPois   .          Reflect  .   (helmet currently unavailable)
rElec   .          Harm     .   (no cloak)
rCorr   .          Rampage  .   (no gloves)
Will    .....      NoTele   +   (boots currently unavailable)
Stlth   +.........              (no amulet)
HPRegen 0.16/turn               (no ring)
MPRegen 0.13/turn               (no ring)

@: lethally poisoned (-2 -> -23), appendages (expiring), on berserk cooldown,
slowed, very slow
A: horns 2, talons 2, AC +5, unfitting armour, cold-blooded
a: End Transformation


You were in the Dungeon.
You had temporarily grown beastly horns and talons.
You visited 1 branch

Inventory:

Scrolls
 f - a scroll of blinking
Potions
 a - a potion of curing
 b - a potion of heal wounds
 c - a potion of haste
 d - 2 potions of magic


   Skills:
 + Level 5.3 Fighting
 + Level 4.7 Dodging
 + Level 5.6 Unarmed Combat
 + Level 4.8 Spellcasting
 + Level 5.2 Transmutations


You had 12 spell levels left.
You knew the following spells:

 Your Spells              Type           Power      Damage    Failure   Level
a - Beastly Appendage     Tmut           34%        N/A       2%          1

Your spell library contained the following spells:

 Spells                   Type           Power      Damage    Failure   Level
 Wereblood                Tmut           17%        N/A       3%          2
 Spider Form              Tmut/Pois      10%        N/A       19%         3
 Ice Form                 Ice/Tmut       10%        N/A       52%         4


Dungeon Overview and Level Annotations

Branches:
Dungeon (1/1)

Altars:


Innate Abilities, Weirdness & Mutations

You have temporarily grown beastly horns and talons.
Your plain brown scales are hard. (AC +5)
You cannot fit into any form of body armour.
You are cold-blooded and may be slowed by cold attacks.


Message History

You feel clever.
Your scales feel tougher.
You punch the scorpion! Your headbutt misses the scorpion.
The scorpion is heavily wounded.
The scorpion stings you.
* * * LOW HITPOINT WARNING * * *
You are lethally poisoned!
The scorpion poisons you!
You hit the scorpion. You claw the scorpion.
You kill the scorpion!
* * * LOW HITPOINT WARNING * * *
You feel very sick.
Your Fighting skill increases to level 4!
Your Dodging skill increases to level 4!
Your Unarmed Combat skill increases to level 5!
Your Spellcasting skill increases to level 4!
Your Transmutations skill increases to level 4!
You have reached level 4!
You feel stronger.
You punch the scorpion! You claw the scorpion!
You kill the scorpion!
* * * LOW HITPOINT WARNING * * *
You feel sick.
Your Fighting skill increases to level 5!
Your Transmutations skill increases to level 5!
You have reached level 5!
* * * LOW HITPOINT WARNING * * *
You feel sick. The scorpion stings you.
* * * LOW HITPOINT WARNING * * *
You are more poisoned.
The scorpion poisons you!
There is an open door here.
Things that are here:
a scorpion corpse; a scorpion corpse You punch the scorpion!
Your kick misses the scorpion. Your headbutt misses the scorpion.
The scorpion is heavily wounded.
You are no longer berserk.
You are exhausted.
You feel yourself slow down.
You die...

#+#
##.##
+.<.+
##.##
#@#
#s#.#
#..
..#
###
###


You could see a scorpion.

Vanquished Creatures
  3 scorpions (D)
3 creatures vanquished.

Notes
Turn   | Place    | Note
-------+----------+-------------------------------------------
     0 | D        | kae the Draconian Transmuter began the quest for the Orb.
     0 | D        | Reached XP level 1. HP: 16/16 MP: 3/3
     1 | D        | Noticed a scorpion
     1 | D        | Noticed a scorpion
     1 | D        | Noticed a scorpion
     1 | D        | Noticed a scorpion
    14 | D        | Killed a scorpion
    15 | D        | Reached XP level 2. HP: 9/27 MP: 2/6
    15 | D        | Reached XP level 3. HP: 12/33 MP: 2/8
    16 | D        | Killed a scorpion
    17 | D        | Reached skill level 5 in Unarmed Combat
    17 | D        | Reached XP level 4. HP: 5/41 MP: 2/10
    17 | D        | Killed a scorpion
    17 | D        | HP: 3/61 [poisoned by a scorpion]
    18 | D        | Reached skill level 5 in Fighting
    18 | D        | Reached skill level 5 in Transmutations
    18 | D        | Reached XP level 5. HP: 3/48 MP: 2/12
    18 | D        | HP: 1/72 [scorpion (2)]
    19 | D        | Succumbed to a scorpion's poison

Illustrated notes

Levels and vault maps discovered:
D:        the_violet_keep_of_menkaure [sprint2_stairs_cluster_1,
          sprint2_shoproom, sprint2_temple, sprint2_basic_supplies,
          sprint2_obstacle_3, sprint2_obstacle_7, sprint2_obstacle_5,
          sprint2_obstacle_1, sprint2_obstacle_2, sprint2_timed_cluster_1,
          sprint2_smallroom_cluster_1, sprint2_smallroom_final_cluster_1,
          sprint2_transparent_cluster_1, sprint2_second_timed_cluster_1,
          sprint2_sniper_area_1, sprint2_heavy_combat_area_1,
          sprint2_mutation_trap_area_1, sprint2_forest_area_1,
          sprint2_light_combat_area_1, sprint2_behind_water_1,
          sprint2_near_end_vault_1]

Skill      XL: |  1  2  3  4 |
---------------+-------------+-----
Fighting       | 3 4 5 |  5.3
Dodging        | 3 4 |  4.7
Unarmed Combat | 4 5 |  5.6
Spellcasting   | 3 4 |  4.8
Transmutations | 3 4 5 |  5.2

Action                   |  1- 3 |  4- 6 || total
-------------------------+-------+-------++-------
Melee: Unarmed           |    12 |     2 ||    14
       Tailslap          |     2 |       ||     2
       Kick              |     2 |     1 ||     3
 Cast: Beastly Appendage |     1 |       ||     1
  Use: Potion            |     1 |       ||     1
Dodge: Dodged            |     7 |       ||     7

Table legend: (Time is in decaauts)
 A = Elapsed time spent in this place.
 B = Non-inter-level travel time spent in this place.
 C = Inter-level travel time spent in this place.
 D = Time resting spent in this place.
 E = Time spent auto-exploring this place.
 F = Levels seen in this place.
 G = Mean time per level.
                   A        B        C        D        E       F      G
               +--------+--------+--------+--------+--------+-----+--------+
         Total |     13 |     13 |      0 |      0 |      0 |   1 |   13.0 |
       Dungeon |     13 |     13 |      0 |      0 |      0 |   1 |   13.0 |
               +--------+--------+--------+--------+--------+-----+--------+

Top non-repeatable levels by time:
       D: 13 daAuts
